 Dungeon Crawl Stone Soup version 0.19.0-18-g426998a (webtiles) character file.

25 MaximumFunGaming the Caller (level 2, -2/15 HPs)
             Began as a Deep Elf Summoner on Nov 11, 2016.
             Was an Initiate of Zin.
             Killed from afar by a white imp (6 damage)
             ... with a puff of frost
             ... summoned by the player character
             ... on level 2 of the Dungeon.
             The game lasted 00:14:51 (1717 turns).

MaximumFunGaming the Caller (Deep Elf Summoner)     Turns: 1717, Time: 00:14:51

Health: -2/15      AC:  2    Str:  5    XL:     2   Next: 82%
Magic:  0/8        EV: 13    Int: 19    God:    Zin [......]
Gold:   81         SH:  0    Dex: 15    Spells: 2 memorised, 5 levels left

rFire  . . .     SeeInvis .     d - +0 dagger
rCold  . . .     Gourm    .     a - +0 robe
rNeg   . . .     Faith    .     (no shield)
rPois  .         Spirit   +     (no helmet)
rElec  .         Reflect  .     (no cloak)
rCorr  .         Harm     .     (no gloves)
MR     .....                    (no boots)
Stlth  ++........               e - amulet of guardian spirit
                                (no ring)
                                (no ring)

@: no status effects
A: no striking features
a: Donate Gold, Renounce Religion


You were on level 2 of the Dungeon.
You worshipped Zin.
Zin was noncommittal.
You were not hungry.

You visited 1 branch of the dungeon, and saw 3 of its levels.

You collected 89 gold pieces.
You donated 8 gold pieces to Zin.

Inventory:

Hand Weapons
 d - a +0 dagger (weapon)
 g - a cursed -2 hunting sling
Missiles
 c - 13 poisoned needles
Armour
 a - a +0 robe (worn)
Jewellery
 e - an amulet of guardian spirit (around neck)
Scrolls
 f - a scroll of remove curse
 i - 2 scrolls of identify {unknown}
Potions
 h - a potion of might {unknown}
 j - 2 potions of brilliance {unknown}
Books
 b - a book of Callings

   Spells                             Type                      Level
   a - Summon Small Mammal            Summoning                    1
   b - Call Imp                       Summoning                    2
   c - Call Canine Familiar           Summoning                    3
   d - Summon Guardian Golem          Hexes/Summoning              3
   e - Summon Lightning Spire         Summoning/Air                4
   f - Summon Ice Beast               Ice/Summoning                4
Comestibles
 k - 3 chunks of flesh
 l - a bread ration


   Skills:
 + Level 2.6 Dodging
 + Level 2.6 Stealth
 + Level 3.6 Spellcasting
 + Level 4.9 Summonings


You had 5 spell levels left.
You knew the following spells:

 Your Spells              Type           Power        Failure   Level  Hunger
a - Summon Small Mammal   Summ           ###.         1%          1    None
b - Call Imp              Summ           ###.....     3%          2    ##.....


Dungeon Overview and Level Annotations

Branches:
Dungeon (3/15)

Altars:
Zin


Message History

Zin welcomes you!
Your unholy and evil allies forsake you.
You pay a tithe of 8 gold.
You can now donate money to Zin.
The white imp hits you. The white imp freezes you.
The kobold shouts!
You hit the white imp but do no damage. The white imp hits you.
The white imp freezes you.
Casting: Call Imp
Confirm with . or Enter, or press ? or * to list all spells.
Casting this spell will place you under penance.
Really cast?
Okay, then.
Casting: Call Imp
Confirm with . or Enter, or press ? or * to list all spells.
The white imp hits you. The white imp freezes you.
* * * LOW HITPOINT WARNING * * *
You swap places.
The white imp gestures at you. The puff of frost hits you!
You die...

.##.........#
##...#'#......###
.##.........####.###.#......#
.##................5.#......#
.##..................#......#
............#######..#......#
.........[###.♣♣♣♣####......#
.....####.#.♣♣(_.♣..##......#
######.#...K...5r....#......#
......<.......@....#......#
#######............###+####
....#+..........#
..##................
#......?.##.#.... #........#
....!. #........# #.....
#........# .....


You could see a white imp, a kobold and a friendly rat.

Vanquished Creatures
  A plant (D:1)
1 creature vanquished.

Vanquished Creatures (collateral kills)
  An adder (D:2)
  An ooze (D:1)
  A worm (D:2)
  A leopard gecko (D:2)
  A goblin (D:2)
  8 hobgoblins
  3 jackals (D:1)
  A kobold (D:2)
  A quokka (D:2)
  3 bats
  2 frilled lizards (D:2)
  A rat (D:1)
24 creatures vanquished.

Grand Total: 25 creatures vanquished

Notes
Turn   | Place    | Note
-------+----------+-------------------------------------------
     0 | D:1      | MaximumFunGaming the Deep Elf Summoner began the quest for the Orb.
     0 | D:1      | Reached XP level 1. HP: 10/10 MP: 6/6
   578 | D:1      | Reached XP level 2. HP: 15/15 MP: 1/8
   693 | D:2      | Learned a level 2 spell: Call Imp
  1705 | D:2      | Found a glowing silver altar of Zin.
  1713 | D:2      | Became a worshipper of Zin the Law-Giver
  1717 | D:2      | Killed from afar by a white imp

Action                   || total
-------------------------++-------
Melee: Dagger            ||   292
 Cast: Summon Small Mamm ||    30
       Call Imp          ||    22
  Use: Scroll            ||     4
       Potion            ||     1
  Eat: Bread ration      ||     1
Armor: Robe              ||    12
Dodge: Dodged            ||    28
